 Dungeon Crawl Stone Soup version 0.29-a0-359-g541a27f54d (webtiles) character file.

Game seed: 3120842978829693992

56 zeratav the Shooter (level 3, -4/21 HPs)
             Began as a Tengu Hunter on Apr 27, 2022.
             Slain by Terence
             ... wielding a +2 hand axe of electrocution
              (16 damage)
             ... on level 2 of the Dungeon.
             The game lasted 00:01:51 (1380 turns).

zeratav the Shooter (Tengu Hunter)                  Turns: 1380, Time: 00:01:51

Health: -4/21      AC:  3    Str: 11    XL:     3   Next: 95%
Magic:  4/4        EV: 12    Int:  9    God:
Gold:   140        SH:  0    Dex: 19    Spells: 2/2 levels left

rFire   . . .      SeeInvis .   a - +1 shortbow {bow}
rCold   . . .      Faith    .   (shield currently unavailable)
rNeg    . . .      Spirit   .   b - +0 leather armour
rPois   .          Reflect  .   (helmet restricted)
rElec   .          Harm     .   n - scarf {+Inv}
rCorr   .          Rampage  .   (no gloves)
Will    .....                   (boots unavailable)
Stlth   ++........              (no amulet)
HPRegen 0.07/turn               (no ring)
MPRegen 0.09/turn               (no ring)

@: no status effects
A: beak, talons 3
a: Evoke Invisibility


You were on level 2 of the Dungeon.
You visited 1 branch of the dungeon, and saw 2 of its levels.

You collected 140 gold pieces.


Innate Abilities, Weirdness & Mutations

You have a beak for a mouth.
You have claws for feet.


   Skills:
 - Level 2.0 Fighting
 + Level 6.0 Bows
 - Level 2.1 Dodging
 - Level 1.0 Stealth


You had 2 spell levels left.
You didn't know any spells.
Your spell library contained the following spells:

 Spells                   Type           Power      Damage    Failure   Level
 Blink                    Tloc           0%         N/A       63%         2
 Static Discharge         Conj/Air       0%         N/A       63%         2
 Gell's Gravitas          Tloc           0%         N/A       85%         3
 Lesser Beckoning         Tloc           0%         N/A       85%         3
 Teleport Other           Tloc           0%         N/A       85%         3
 Lightning Bolt           Conj/Air       0%         1d11      100%        5
 Manifold Assault         Tloc           0%         N/A       100%        5
 Dispersal                Tloc           0%         N/A       100%        6
 Maxwell's Capacitive Co  Air            0%         ∞         100%        8

Inventory:

Hand Weapons
 a - a +1 shortbow (weapon) {bow}
 l - a +2 dagger of speed {short}
   (You took it off a kobold on level 1 of the Dungeon)
Armour
 b - a +0 leather armour (worn)
 n - a scarf of invisibility (worn)
   (You found it on level 1 of the Dungeon)
 o - a +3 ring mail
   (You found it on level 2 of the Dungeon)
 p - a +0 scale mail
   (You found it on level 2 of the Dungeon)
 q - a +0 ring mail
   (You found it on level 2 of the Dungeon)
Scrolls
 c - 4 scrolls of immolation {!r!r}
 f - 2 scrolls of magic mapping {unknown}
 g - a scroll of amnesia {unknown}
 i - a scroll of vulnerability {unknown}
 j - a scroll of noise {unknown}
 k - 3 scrolls of brand weapon {unknown}
Potions
 d - a potion of brilliance {unknown}
 e - a potion of lignification {unknown}
 h - a potion of haste {unknown}
 m - 2 potions of might {unknown}
 r - a potion of curing {unknown}

Dungeon Overview and Level Annotations

Branches:
Dungeon (2/15)

Altars:
Vehumet

Annotations:
D:2 Terence

#...... ...# #......
######...# #......
#....#...# #......
#....#...# #......
#....#...## #......
#.........# #......
#....@....# #......
#....@....# #......
#.....##### #......
#####..# ##...).
#....# ### #####..
#....###.#####....##
#....#†#...##..####.
#....##.##..........
######.###.#...####..#
#......# ##.##........


You could see Terence.


Message History

You kill the quokka!
No target in view!
No target in view!
No target in view!
No target in view!
No target in view!
No target in view!
No target in view!
No target in view!
No target in view!
No target in view!
No target in view!
No target in view!
No target in view!
No target in view!
No target in view!
No target in view!
No target in view!
No target in view!
No target in view!
Things that are here:
a +0 club {mace}; a kobold corpse
q - a +0 ring mail You open the door.
There is an open door here.
A ball python comes into view.
Found a radiant altar of Vehumet.
The ball python hisses angrily.
A ball python is nearby!
You shoot an arrow. The arrow hits the ball python.
You kill the ball python!
No target in view!
No target in view!
As you open the door, it creaks loudly!
There is an open door here.
You pick up a book of Spatial Translocations and begin reading...
You add the spells Blink, Lesser Beckoning and Manifold Assault to your library.
Things that are here:
a +0 club {mace}; a kobold corpse A dart slug comes into view.
You shoot an arrow.
The arrow hits the dart slug but does no damage.
The dart slug launches a dart at you. The slug dart hits you.
HP[-2]
You take 2 damage, and now have 19/21 hp.
You shoot an arrow. The arrow hits the dart slug!
You kill the dart slug!
Your Bows skill increases to level 6!
No target in view!
HP[+1] No target in view!
No target in view!
No target in view!
No target in view!
No target in view!
No target in view!
No target in view!
No target in view!
No target in view!
No target in view!
r - a green potion HP[+1]
Your hp is fully restored (21).
You see here a dart slug corpse.
You now have 140 gold pieces (gained 3).
Found a stone staircase leading down.
Terence the Incautious comes into view.
He is wielding a +2 hand axe of electrocution and wearing a +2 chain mail of cold resistance.
Shoot: a) +1 shortbow {bow}
Press: ? - help, Q - select action, (/) - cycle Shift-Dir - straight line, f - Terence
Aim: Terence, wielding a +2 hand axe of electrocution and wearing a +2 chain mail of cold resistance (asleep, 98% to hit)
You shoot an arrow.
The arrow hits Terence but does no damage.
Terence shouts!
Shoot: a) +1 shortbow {bow}
Press: ? - help, Q - select action, (/) - cycle Shift-Dir - straight line, f/p - Terence
Aim: Terence, wielding a +2 hand axe of electrocution and wearing a +2 chain mail of cold resistance (72% to hit)
You shoot an arrow. The arrow barely misses Terence.
Shoot: a) +1 shortbow {bow}
Press: ? - help, Q - select action, (/) - cycle Shift-Dir - straight line, f/p - Terence
Aim: Terence, wielding a +2 hand axe of electrocution and wearing a +2 chain mail of cold resistance (72% to hit)
You shoot an arrow. The arrow hits Terence.
Terence shouts, "Get ready for death!"
Shoot: a) +1 shortbow {bow}
Press: ? - help, Q - select action, (/) - cycle Shift-Dir - straight line, f/p - Terence
Aim: Terence, wielding a +2 hand axe of electrocution and wearing a +2 chain mail of cold resistance (lightly wounded, 72% to hit)
You shoot an arrow. The arrow hits Terence!
Shoot: a) +1 shortbow {bow}
Press: ? - help, Q - select action, (/) - cycle Shift-Dir - straight line, f/p - Terence
Aim: Terence, wielding a +2 hand axe of electrocution and wearing a +2 chain mail of cold resistance (severely wounded, 72% to hit)
You shoot an arrow. The arrow barely misses Terence.
Terence barely misses you.
Shoot: a) +1 shortbow {bow}
Press: ? - help, Q - select action, (/) - cycle Shift-Dir - straight line, f/p - Terence
Aim: Terence, wielding a +2 hand axe of electrocution and wearing a +2 chain mail of cold resistance (severely wounded, 72% to hit)
You shoot an arrow. The arrow closely misses Terence.
Terence hits you with a +2 hand axe of electrocution!
You are electrocuted!
Ouch! That really hurt!
You die...

Skill      XL: |  1  2  3 |
---------------+----------+-----
Bows           | 5 6 |  6.0
Fighting       | |  2.0
Dodging        | |  2.1
Stealth        | |  1.0

Action                   || total
-------------------------++-------
 Fire: Shortbow          ||    76
Armor: Leather armour    ||     3
Dodge: Dodged            ||    12

Levels and vault maps discovered:
D:1:      shiori_angband_town, layout_basic
D:2:      wad_crossroads, layout_basic, basic_altar, uniq_terence

Notes
Turn   | Place    | Note
-------+----------+-------------------------------------------
     0 | D:1      | zeratav the Tengu Hunter began the quest for the Orb.
     0 | D:1      | Reached XP level 1. HP: 12/12 MP: 2/2
     0 | D:1      | magus.rc [v1.9.6]
   163 | D:1      | Reached XP level 2. HP: 17/17 MP: 3/3
   240 | D:1      | Reached skill level 5 in Bows
   283 | D:1      | You add the spells Gell's Gravitas, Teleport Other and
                  | Dispersal to your library.
   526 | D:1      | Reached XP level 3. HP: 21/21 MP: 4/4
  1020 | D:2      | You pick up a book of Lightning and begin reading...
  1020 | D:2      | You add the spells Static Discharge, Lightning Bolt and
                  | Maxwell's Capacitive Coupling to your library.
  1262 | D:2      | Found a radiant altar of Vehumet.
  1290 | D:2      | You pick up a book of Spatial Translocations and begin
                  | reading...
  1290 | D:2      | You add the spells Blink, Lesser Beckoning and Manifold
                  | Assault to your library.
  1324 | D:2      | Reached skill level 6 in Bows
  1374 | D:2      | Noticed Terence
  1380 | D:2      | Slain by Terence

Vanquished Creatures
  2 adders (D:2)
  2 dart slugs
  2 endoplasms
  A giant cockroach (D:1)
  4 goblins
  2 hobgoblins (D:1)
  3 quokkas
  4 ball pythons
  A bat (D:2)
  2 frilled lizards (D:1)
  8 kobolds
  3 rats
34 creatures vanquished.

Table legend:
 A = Non-vault XP
 B = Vault XP
 C = Vault XP percentage of total XP
 D = Non-vault monster count
 E = Vault monster count
 F = Vault count percentage of total count
                 A         B        C        D         E       F
            +---------+---------+-------+---------+---------+-------
      Total |      47 |      33 |  41.2 |      30 |       4 |  11.8
            +---------+---------+-------+---------+---------+-------
        D:1 |      36 |       0 |   0.0 |      22 |       0 |   0.0
        D:2 |      11 |      33 |  75.0 |       8 |       4 |  33.3
            +---------+---------+-------+---------+---------+-------

Illustrated notes

Table legend:
 A = Kills in this place as a percentage of kills in entire the game.
 B = Kills by you in this place as a percentage of kills by you in the entire game.
 C = Kills by friends in this place as a percentage of kills by friends in the entire game.
 D = Other kills in this place as a percentage of other kills in the entire game.
 E = Experience gained in this place as a percentage of experience gained in the entire game.
 F = Experience gained in this place divided by the number of levels of this place that you have seen.
                   A       B       C       D       E      F
               +-------+-------+-------+-------+-------+----------------------
         Total | 100.0 | 100.0 |   N/A |   N/A | 100.0 |  40.0
       Dungeon | 100.0 | 100.0 |   N/A |   N/A | 100.0 |  40.0
               +-------+-------+-------+-------+-------+----------------------

Table legend: (Time is in decaauts)
 A = Elapsed time spent in this place.
 B = Non-inter-level travel time spent in this place.
 C = Inter-level travel time spent in this place.
 D = Time resting spent in this place.
 E = Time spent auto-exploring this place.
 F = Levels seen in this place.
 G = Mean time per level.
                   A        B        C        D        E       F      G
               +--------+--------+--------+--------+--------+-----+--------+
         Total |   1400 |   1391 |      9 |      0 |   1225 |   2 |  700.0 |
       Dungeon |   1400 |   1391 |      9 |      0 |   1225 |   2 |  700.0 |
               +--------+--------+--------+--------+--------+-----+--------+

Top non-repeatable levels by time:
     D:1: 701 daAuts
     D:2: 699 daAuts
